 Dungeon Crawl Stone Soup version 0.27-a0-1312-g5cdb2b3542 (webtiles) character file.

Game seed: 14393735302281914586

24642 freelancePsychic the Fighter (level 13, -11/101 HPs)
             Began as a Djinni Arcane Marksman on June 19, 2021.
             Was a High Priest of Dithmenos.
             Shot with an arrow by a deep elf archer (27 damage)
             ... on level 1 of the Orcish Mines on June 20, 2021.
             The game lasted 00:52:21 (19039 turns).

freelancePsychic the Fighter (DjAM)                Turns: 19039, Time: 00:52:22

Health: -11/101    AC:  6    Str:  9    XL:     13   Next: 44%
Gold:   1124       EV: 16    Int: 26    God:    Dithmenos [*****.] SH:  5 Dex: 14

rFire    + + .     SeeInvis .   y - +2 scimitar (vorpal)
rCold    x . .     Faith    .   w - +0 buckler
rNeg     . . .     Spirit   .   d - +0 troll leather armour
rPois    ∞         Reflect  .   x - +1 hat {Stlth+}
rElec    .         Harm     .   g - +0 cloak
rCorr    .         Rampage  .   (no gloves)
Will     ++...                  (boots unavailable)
Stlth    +++.......             e - amulet of the acrobat
HPRegen  1.26/turn              o - ring of willpower
MPRegen  0.00/turn              a - +6 ring of intelligence

@: about to teleport, flying, very slightly contaminated, wreathed by umbra,
invisible
A: sickness immunity, fire resistance 2, cold vulnerability 1, float, innate
caster, hp casting, extra vitality 1
a: Renounce Religion, Shadow Step, Shadow Form


You were on level 1 of the Orcish Mines.
You worshipped Dithmenos.
Dithmenos was extremely pleased with you.
You visited 3 branches of the dungeon, and saw 15 of its levels.
You also visited: Ice Cave.

You collected 1124 gold pieces.

Inventory:

Hand Weapons
 y - a +2 vorpal scimitar (weapon)
Missiles
 C - a curare-tipped dart
Armour
 d - a +0 troll leather armour (worn)
 g - a +0 cloak (worn)
 w - a +0 buckler (worn)
 x - a +1 hat of stealth (worn)
Jewellery
 a - a +6 ring of intelligence (right hand)
 e - an amulet of the acrobat (around neck)
 k - a ring of wizardry
 m - a +6 ring of dexterity
 o - a ring of willpower (left hand)
Wands
 h - a wand of iceblast (19)
 u - a wand of digging (6)
 v - a wand of polymorph (5)
 z - a wand of acid (6)
 A - a wand of mindburst (32)
 F - a wand of paralysis (5)
Scrolls
 j - a scroll of enchant weapon
 l - 5 scrolls of teleportation {@r4}
 n - 2 scrolls of fog
 p - a scroll of holy word
 D - a scroll of blinking
Potions
 c - a potion of ambrosia {unknown}
 f - 3 potions of attraction
 i - a potion of might {unknown}
 q - 3 potions of cancellation
 r - 2 potions of haste {unknown}
 t - 2 potions of heal wounds {unknown}
 B - a potion of berserk rage {unknown}
 E - 4 potions of brilliance {unknown}


   Skills:
 + Level 12.2 Fighting
 + Level 2.7 Long Blades
 - Level 1.5 Slings
 - Level 9.8 Dodging
 - Level 4.0 Shields
 + Level 11.0 Spellcasting
 - Level 5.3 Invocations


You couldn't memorise any spells.
You knew the following spells:

 Your Spells              Type           Power      Damage    Failure   Level
a - Vampiric Draining     Necr           32%        2d10      1%          3
b - Slow                  Hex            64%        N/A       1%          2
c - Inner Flame           Hex/Fire       64%        N/A       1%          3
d - Tukima's Dance        Hex            64%        N/A       1%          3
e - Cause Fear            Hex            32%        N/A       1%          4
f - Leda's Liquefaction   Hex/Erth       32%        N/A       1%          4
g - Portal Projectile     Hex/Tloc       100%       N/A       1%          3
h - Fulminant Prism       Conj/Hex       32%        3d16      1%          4
i - Freeze                Ice            100%       1d11      1%          1
j - Corona                Hex            71%        N/A       1%          1
k - Static Discharge      Conj/Air       64%        N/A       1%          2
l - Silence               Hex/Air        32%        N/A       1%          5
Your spell library was empty.

Dungeon Overview and Level Annotations

Branches:
Dungeon (12/15)            Temple (0/1) D:6            Lair (2/6) D:8
  Snake (0/4) Lair:2          Orc (1/2) D:11          IceCv (visited)
  Swamp: Lair:2-4    Shoals: Lair:2-4

Altars:
Ashenzari
Dithmenos
Fedhas
Sif Muna
Uskayaw
Vehumet
Wu Jian

Shops:
D:1 (   D:4 (   D:9 [   Orc:1 *(:

Portals:
Trove: D:12 (give +3 ice dragon scales)

Annotations:
D:4 exclusion: statue, Duvessa
Lair:1 3 runed translucent doors, damiac's ghost, novice GnTm


Innate Abilities, Weirdness & Mutations

You are immune to sickness and miasma.
You are immune to poison.
Your flesh is very heat resistant. (rF++)
You are vulnerable to cold. (rC-)
You float through the air rather than walking.
You learn spells naturally, not from books.
Your magical power is your life essence.
You have superior vitality. (+4 HP)


Message History

* * * LOW HITPOINT WARNING * * *
Your fulminant prism crackles loudly.
The orc hits your fulminant prism with a +0 club.
The orc knight shoots a bolt.
The bolt completely misses you.
The deep elf archer shoots an arrow.
You block the arrow.
Your fulminant prism explodes!
The blast of energy engulfs the deep elf archer!!
The deep elf archer is heavily wounded.
The blast of energy engulfs the orc!
You kill the orc!
Dithmenos accepts your kill.
The blast of energy engulfs the orc knight!!
Flame seeps out of the orc knight.
The orc knight is heavily wounded.
The deep elf archer shoots an arrow.
The arrow hits you!
* * * LOW HITPOINT WARNING * * *
You fade into invisibility!
You are very lightly contaminated with residual magic.
Okay, then.
Casting: Fulminant Prism (mildly dangerous; 1% risk of failure)
Confirm with . or Enter, or press ? or * to list all spells.
The orc knight looks frightened!
* * * LOW HITPOINT WARNING * * *
An orc wizard comes into view. It is wielding a +0 dagger.
The orc knight cries, "Daddeee!"
The deep elf archer shoots an arrow.
The arrow hits you!
* * * LOW HITPOINT WARNING * * *
The orc wizard shouts!
Casting: Cause Fear (mildly dangerous; 1% risk of failure)
Confirm with . or Enter, or press ? or * to list all spells.
The orc wizard looks frightened!
The deep elf archer easily resists.
* * * LOW HITPOINT WARNING * * *
Okay, then.
You feel better.
The orc wizard casts a spell.
The orc wizard flickers and vanishes!
As you read the scroll of teleportation {@r4}, it crumbles to dust.
You feel strangely unstable.
The deep elf archer shoots an arrow.
The arrow hits you!!
You die...

.###...# ## ....#..##
#.##... ....#...# ###
##........ ...#.∩.## ##.##
#.#....... ...)...#
#...##.......... .)....####
##....#.#.......
..[......###.#.............
..........#................
....####.#.#....@..)....#..
.....##.).........#......#
.....############...)....#
....## ##......#.# #####
#......... ...####
#..)...#.. ......#
#.e....... ......#
.......... ......'
..........


You could see a deep elf archer (repels missiles).

Vanquished Creatures
  Gastronok (D:12)
  A two-headed ogre (D:9)
  5 skeletal warriors (D:11)
  An orc knight (Orc:1)
  An ugly thing (D:12)
  2 deep elf zephyrmancers (Orc:1)
  An orc sorcerer (Orc:1)
  A cyclops (D:11)
  5 centaur zombies
  2 gargoyles (D:12)
  2 cane toads (Lair:1)
  An unseen horror (D:11)
  2 komodo dragons
  A rime drake (D:11)
  6 trolls
  3 polar bears
  5 slime creatures (D:12)
  5 blink frogs
  A meliai zombie (D:10)
  2 vampires
  2 wraiths (D:12)
  2 wyverns
  14 yaks
  3 wargs
  A naga (Lair:2)
  An acid dragon (D:8)
  4 water moccasins
  15 orc warriors
  6 ice beasts
  A hornet zombie (D:7)
  4 necrophages
  An ogre (D:7)
  4 wolves
  3 centaurs
  3 phantoms
  3 kobold brigands
  6 bullfrogs
  3 scorpions
  A water moccasin zombie (D:6)
  Dowan (D:4)
  5 killer bees (D:11)
  An electric eel (Lair:2)
  3 wights (D:10)
  2 jellies
  2 bullfrog zombies
  3 hounds
  4 orc priests
  2 centaur skeletons (D:5)
  An iguana (D:5)
  Ijyb (D:5)
  14 orc wizards
  A killer bee zombie (D:5)
  A hound skeleton (D:5)
  4 gnolls (D:9)
  9 adders
  A shadow imp (D:6)
  A white imp (D:6)
  An ufetubus (D:5)
  3 dart slugs
  46 orcs
  9 endoplasms
  6 giant cockroaches
  8 goblins
  11 hobgoblins
  10 jackals (D:1)
  19 kobolds
  7 quokkas
  8 ball pythons
  6 bats
  A frilled lizard (D:3)
  5 rats
  A fulminant prism (D:11)
322 creatures vanquished.

Vanquished Creatures (collateral kills)
  A gnoll sergeant (D:9)
  A gnoll (D:9)
2 creatures vanquished.

Vanquished Creatures (others)
  Maurice (D:8)
  2 dancing weapons
  43 fulminant prisms
  5 fungi (Lair:2)
  34 plants
85 creatures vanquished.

Grand Total: 409 creatures vanquished

Notes
Turn   | Place    | Note
-------+----------+-------------------------------------------
     0 | D:1      | freelancePsychic the Djinni Arcane Marksman began the quest
                  | for the Orb.
     0 | D:1      | Reached XP level 1. HP: 17/17 MP: 0/0
   201 | D:1      | Reached XP level 2. HP: 18/22 MP: 0/0
   830 | D:2      | Reached XP level 3. HP: 23/27 MP: 0/0
   830 | D:2      | Learned a level 1 spell: Freeze
  1172 | D:2      | Reached skill level 2 in Fighting
  1263 | D:1      | Reached XP level 4. HP: 23/33 MP: 0/0
  1388 | D:1      | Found a faded altar of an unknown god.
  1890 | D:1      | Found Zaynonas's Weapon Boutique.
  2606 | D:2      | You are sucked into a shaft and drop 1 floor!
  2613 | D:3      | Reached XP level 5. HP: 27/39 MP: 0/0
  2613 | D:3      | Learned a level 2 spell: Static Discharge
  3036 | D:3      | Found a shadowy altar of Dithmenos.
  3164 | D:3      | Became a worshipper of Dithmenos the Shadowed
  3853 | D:4      | Found Pioqadef's Antique Weapon Shop.
  3968 | D:4      | Noticed a frost-covered statue
  4010 | D:4      | Reached skill level 3 in Fighting
  4010 | D:4      | Reached XP level 6. HP: 7/46 MP: 0/0
  4084 | D:4      | HP: 2/46 [scorpion (6)]
  4095 | D:4      | HP: 2/69 [scorpion (2)]
  4627 | D:4      | Noticed Duvessa
  4627 | D:4      | Noticed Dowan
  4746 | D:4      | Killed Dowan
  4813 | D:5      | Entered Level 5 of the Dungeon
  4848 | D:5      | Noticed a necrophage
  4856 | D:5      | Killed a necrophage
  4857 | D:5      | Reached XP level 7. HP: 41/51 MP: 0/0
  4857 | D:5      | Learned a level 3 spell: Vampiric Draining
  4966 | D:5      | Reached skill level 4 in Fighting
  4966 | D:5      | Reached skill level 5 in Spellcasting
  5222 | D:5      | Noticed Ijyb
  5227 | D:5      | Killed Ijyb
  5228 | D:5      | Reached XP level 8. HP: 50/58 MP: 0/0
  5508 | D:5      | Reached * piety under Dithmenos
  5509 | D:5      | Reached skill level 5 in Fighting
  5686 | D:5      | Found an ornate altar of the Wu Jian Council.
  6414 | D:6      | Found a hide-covered altar of Uskayaw.
  6842 | D:6      | Found a staircase to the Ecumenical Temple.
  6849 | D:6      | Reached XP level 9. HP: 66/66 MP: 0/0
  6849 | D:6      | Learned a level 3 spell: Tukima's Dance
  6880 | D:6      | Reached skill level 6 in Fighting
  7528 | D:6      | Found a broken altar of Ashenzari.
  7780 | D:6      | Reached skill level 1 in Shields
  8360 | D:7      | Reached ** piety under Dithmenos
  9922 | D:8      | Noticed a death yak
  9923 | D:8      | Noticed a death yak
  9943 | D:8      | Noticed a death yak
  9947 | D:8      | Noticed a death yak
  9949 | D:8      | Noticed a death yak
 10727 | D:8      | Reached skill level 7 in Fighting
 10827 | D:8      | Found a staircase to the Lair.
 10887 | D:8      | Noticed Maurice
 10918 | D:8      | Reached XP level 10. HP: 42/75 MP: 0/0
 10937 | D:8      | Killed Maurice
 11537 | D:9      | Noticed a two-headed ogre
 11917 | D:9      | Killed a two-headed ogre
 11918 | D:9      | Reached skill level 5 in Dodging
 12065 | D:9      | Found a blossoming altar of Fedhas.
 12107 | D:9      | Found Otug Exa's Armour Shoppe.
 12305 | D:9      | Reached skill level 8 in Fighting
 12788 | D:10     | Entered Level 10 of the Dungeon
 13945 | Lair:1   | Entered Level 1 of the Lair of Beasts
 13974 | Lair:1   | Noticed a cane toad
 13975 | Lair:1   | Noticed damiac's ghost (novice GnTm)
 13976 | Lair:1   | Noticed a five-headed hydra
 13977 | Lair:1   | Noticed a minotaur
 14006 | Lair:1   | Noticed a cane toad
 14019 | Lair:1   | Killed a cane toad
 14022 | Lair:1   | Reached XP level 11. HP: 26/82 MP: 0/0
 14022 | Lair:1   | Learned a level 4 spell: Fulminant Prism
 14280 | Lair:1   | Reached *** piety under Dithmenos
 14361 | Lair:1   | Found a runed translucent gate.
 14365 | Lair:1   | Found a runed translucent gate.
 14366 | Lair:1   | Found a runed translucent gate.
 14475 | Lair:1   | Reached skill level 9 in Fighting
 15860 | Lair:2   | Found a staircase to the Snake Pit.
 16065 | Lair:2   | Reached skill level 10 in Fighting
 16402 | Lair:2   | Noticed a death yak
 16402 | Lair:2   | Noticed a death yak
 16403 | Lair:2   | Noticed a death yak
 16882 | D:11     | Found a frozen archway.
 16903 | D:11     | Reached XP level 12. HP: 91/91 MP: 0/0
 16924 | IceCv    | Entered an ice cave
 17041 | D:11     | Noticed a skeletal warrior
 17046 | D:11     | Noticed a skeletal warrior
 17081 | D:11     | Killed a skeletal warrior
 17084 | D:11     | Killed a skeletal warrior
 17093 | D:11     | Noticed a skeletal warrior
 17274 | D:11     | Reached skill level 10 in Spellcasting
 17293 | D:11     | Found a staircase to the Orcish Mines.
 17322 | D:11     | Reached **** piety under Dithmenos
 17323 | D:11     | Reached skill level 1 in Invocations
 17492 | D:11     | Reached skill level 11 in Fighting
 17751 | D:11     | Noticed a skeletal warrior
 17759 | D:11     | Killed a skeletal warrior
 17772 | D:11     | Noticed a skeletal warrior
 17780 | D:11     | Killed a skeletal warrior
 17791 | D:11     | Killed a skeletal warrior
 18190 | D:12     | Reached XP level 13. HP: 91/99 MP: 0/0
 18190 | D:12     | Learned a level 5 spell: Silence
 18292 | D:12     | Noticed Gastronok
 18306 | D:12     | Killed Gastronok
 18307 | D:12     | Reached skill level 5 in Invocations
 18467 | D:12     | Found a portal to a secret trove of treasure.
 18655 | Orc:1    | Entered Level 1 of the Orcish Mines
 18680 | Orc:1    | Reached skill level 1 in Long Blades
 18689 | Orc:1    | Reached skill level 12 in Fighting
 18733 | Orc:1    | Found Bula's Book Shop.
 18733 | Orc:1    | Found Focoxan's Assorted Antiques.
 18738 | Orc:1    | Found Poum Hao's Weapon Shoppe.
 18786 | Orc:1    | Reached ***** piety under Dithmenos
 18844 | Orc:1    | Identified the +1 chain mail "Qunlimp" {Fly rCorr}
 19039 | Orc:1    | Shot with an arrow by a deep elf archer

Illustrated notes

Levels and vault maps discovered:
D:1:      elethiomel_arrival_quiet, layout_basic,
          chequers_ecumenical_altar_simple, serial_shops,
          nicolae_shop_window_shopping, minmay_misc_feat_roman
D:2:      layout_rooms, chequers_avenue
D:3:      cheibrodos_old_hovel, layout_basic, overflow_temple_1_default
D:4:      layout_loops_ring, kennysheep_little_box, vehumet_statue,
          serial_shops, nicolae_shop_waterfront, uniq_duvessa, uniq_menkaure
D:5:      layout_rooms, gammafunk_temple_overflow_wave, uniq_ijyb
D:6:      layout_loops_ring, nicolae_uskayaw_dance_hall,
          lemuel_coloured_pillars_altar, temple_fountains,
          hangedman_decor_growths
D:7:      layout_basic, dk_noncrumbling_2, grunt_ministairs_11,
          eino_small_chamber_without_monster
D:8:      layout_basic, dpeg_lair_monsters, uniq_maurice
D:9:      layout_long_grid, lemuel_round_altar, serial_shops,
          nicolae_shop_statue_plus
D:10:     layout_irregular_city
D:11:     layout_long_grid, david_orc_1_choice,
          portal_ice_cave_entry_animals_and_master, roderic_roman_lattice,
          hangedman_glass_teeth, grunt_ministairs_8
D:12:     layout_cave_pools, enter_trove_6, serial_column_ruins,
          column_ruins_columns_straight, column_ruins_corridor_straight,
          column_ruins_grid_3, column_ruins_grid_3, column_ruins_open_large,
          uniq_gastronok
Lair:1:   layout_misc_corridors, maelrawn_ghost_gauntlet_escape,
          chequers_serial_rivers_small_a
Lair:2:   layout_hall_layers, guppyfry_snake_entry_island,
          serial_bayou_lagoon_a, nzn_random_ring
Orc:1:    layout_diamond_mine, serial_shops, shop, nicolae_shop_crystal,
          nicolae_shop_competitors_out_of_business, elf_legates

Skill      XL: |  1  2  3  4  5  6  7  8  9 10 11 12 13 |
---------------+----------------------------------------+-----
Spellcasting   | 3 4 5 7 8 9 10 11 | 11.0
Fighting       | 2 3 4 5 7 8 10 11 12 | 12.2
Shields        | 4 |  4.0
Dodging        | 4 6 9 |  9.8
Invocations    | 4 5 |  5.3
Long Blades    | 2 |  2.7
Slings         | |  1.5

Action                   |  1- 3 |  4- 6 |  7- 9 | 10-12 | 13-15 || total
-------------------------+-------+-------+-------+-------+-------++-------
Melee: Mace              |    14 |    20 |       |       |       ||    34
       Unarmed           |       |     6 |    20 |       |       ||    26
       Scimitar          |       |       |       |    89 |    33 ||   122
 Fire: Hunting sling     |    55 |    17 |    84 |       |       ||   156
 Cast: Slow              |     3 |       |     4 |     2 |       ||     9
       Corona            |     2 |       |       |       |       ||     2
       Freeze            |    22 |    92 |     1 |       |       ||   115
       Inner Flame       |       |     6 |    33 |    38 |    10 ||    87
       Vampiric Draining |       |       |    90 |   147 |    25 ||   262
       Static Discharge  |       |       |     2 |       |       ||     2
       Leda's Liquefacti |       |       |     2 |       |       ||     2
       Tukima's Dance    |       |       |     1 |    10 |     6 ||    17
       Cause Fear        |       |       |       |     3 |     3 ||     6
       Fulminant Prism   |       |       |       |    37 |     7 ||    44
Evoke: Wand              |       |       |    11 |     6 |       ||    17
  Use: Scroll            |     1 |     6 |     3 |     8 |     1 ||    19
       Potion            |       |     4 |       |     7 |     2 ||    13
Armor: Robe              |    18 |    22 |       |       |       ||    40
       Skin              |       |     8 |       |       |       ||     8
       Leather armour    |       |     2 |    21 |       |       ||    23
       Acid dragon scale |       |       |     5 |    40 |       ||    45
       Troll leather arm |       |       |       |    27 |     7 ||    34
Dodge: Dodged            |    53 |    56 |   119 |   222 |    50 ||   500
Block: Buckler           |       |       |       |    78 |    10 ||    88
       Rpst.: Scimitar   |       |       |       |    57 |    11 ||    68

Table legend: (Time is in decaauts)
 A = Elapsed time spent in this place.
 B = Non-inter-level travel time spent in this place.
 C = Inter-level travel time spent in this place.
 D = Time resting spent in this place.
 E = Time spent auto-exploring this place.
 F = Levels seen in this place.
 G = Mean time per level.
                   A        B        C        D        E       F      G
               +--------+--------+--------+--------+--------+-----+--------+
         Total |  19134 |  18314 |    820 |   3256 |  12055 |  16 | 1195.9 |
       Dungeon |  16065 |  15319 |    746 |   2649 |  10145 |  12 | 1338.8 |
          Lair |   2667 |   2595 |     72 |    607 |   1724 |   2 | 1333.5 |
  Orcish Mines |    389 |    389 |      0 |      0 |    186 |   1 |  389.0 |
      Ice Cave |     11 |     11 |      0 |      0 |      0 |   1 |   11.0 |
               +--------+--------+--------+--------+--------+-----+--------+

Top non-repeatable levels by time:
     D:8: 2169 daAuts
     D:6: 1953 daAuts
  Lair:1: 1901 daAuts
     D:7: 1554 daAuts
     D:1: 1461 daAuts
     D:5: 1421 daAuts
    D:11: 1331 daAuts
     D:3: 1252 daAuts
     D:2: 1160 daAuts
    D:10: 1140 daAuts
     D:9: 1007 daAuts
     D:4: 958 daAuts
  Lair:2: 766 daAuts
    D:12: 655 daAuts
   Orc:1: 389 daAuts
